Unix NetHack Version 5.0.0-0 post-release - last build Jun 10 2026 00:39:30 (3ee93aec679c4c4259841fe613dc97188e26a321,branch:main).

Game began 2026-06-13 23:59:45, ended 2026-06-14 00:27:36.

IanCurtis, chaotic male elven Wizard

    ------               ---------------------------------
    |......#             |...............................|
    |..... #             |.{.....--------|------....----..#
    |......##           #-.......-..|   |..|[(.-....|  |.|#
    |..... #            #|.......|%.|   |..|?[.|.---|  |.|#
    - ---- #            #|.-----.---|   ---|!!)|.|..|  |.|##
           ##          ##|.|   |....-+---  |----.|..-+--.|#
           #           `#..|   +..[.....|  |..-.%-|--....|#
           #           ##|.-----..-----.-+-|..|..........|#       ------------
           #           ##|.......%|   +....|----.--|-..{.|#       |..........|
           @         ####|..-|---.|   |....|...|.|..|.....#       ...........|
           D     ########...|...|.--------.|...|.|..|-|-.|#       |..........|
           #-----#  ##   |..|(((|..|..|  |.-.).|.|..|..|.|##      |..........|
           #|...-###     |..|(((|..|..   +.|...|.---|..|.|# #%##*#..[.%....<.|
           #|^.>| #      |..-----..-|-----.-----....----.|########+..........|
           #.....##      |...............................|        ------------
            -----        ---------------------------------

IanCurtis the Thaumaturge  St:12 Dx:13 Co:13 In:20 Wi:10 Ch:8  Chaotic
Dlvl:8  $:317 HP:0(39) Pw:27(76) AC:8  Xp:7 T:3801 

Latest messages:
 The ape hits again!
 The ape bites!
 You climb up the stairs.
 In what direction? y
 The spell misses the dwarf.
 The air crackles around the gnomish wizard.
 The gnomish wizard points all around, then curses.
 The dwarf jumps onto a teleportation trap!
 The dwarf suddenly disappears!
 You miss the gnomish wizard.
 You miss the gnomish wizard.
 The gnomish wizard points at you, then curses.
 You hit the gnomish wizard.
 You hit the gnomish wizard.
 The gnomish wizard points all around, then curses.
 You notice a bovine smell.
 You miss the gnomish wizard.
 The gnomish wizard casts a spell at you!
 You feel momentarily disoriented.
 You feel a bit steadier now.
 You hit the gnomish wizard.
 The gnomish wizard points all around, then curses.
 You miss the gnomish wizard.
 You miss the gnomish wizard.
 You miss the gnomish wizard.
 The gnomish wizard points at you, then curses.
 What do you want to wield? [- aP or ?*] ?
 P - the blessed +1 Sting (weapon in right hand).
 The gnomish wizard points all around, then curses.
 You kill the gnomish wizard!
 You smell a dragon!
 You stop searching.
 Please move the cursor to a monster, object or location.
 (For instructions type a '?')
 In what direction? k
 The spell hits the white unicorn!
 You kill the white unicorn!
 There is a white unicorn corpse here; eat it? [ynq] (n) y
 This white unicorn corpse is fatty.
 You stop eating the white unicorn corpse.
 What do you want to throw? [$a or ?*] s
 In what direction? j
 The tripe ration misses the baby white dragon.
 The baby white dragon bites!
 In what direction? j
 The spell misses the baby white dragon.
 You feel more confident in your spell casting skills.
 The baby white dragon bites!
 You die...
 Do you want your possessions identified? [ynq] (y) q

Inventory:
 Coins    ('$')
  $ - 317 gold pieces
 Weapons  (')')
  P - the blessed +1 Sting (weapon in right hand)
  a - a blessed +1 quarterstaff
 Armor    ('[')
  z - a blessed +0 orcish helm (being worn)
  b - an uncursed +0 cloak of magic resistance (being worn)
 Comestibles  ('%')
  q - 2 uncursed food rations
  M - an uncursed sprig of wolfsbane
 Scrolls  ('?')
  O - a blessed scroll of blank paper
  j - an uncursed scroll of blank paper
  C - an uncursed scroll of destroy armor
  i - 3 uncursed scrolls of enchant weapon
  t - 2 uncursed scrolls of identify
  T - 2 uncursed scrolls of light
  r - 2 uncursed scrolls of magic mapping
  G - an uncursed scroll of remove curse
  R - a blessed scroll of teleportation
 Spellbooks  ('+')
  W - a blessed spellbook of force bolt
  H - an uncursed spellbook of levitation
  l - an uncursed spellbook of light
 Potions  ('!')
  I - 2 uncursed potions of extra healing
  L - a blessed potion of healing
  Q - an uncursed potion of healing
  g - an uncursed potion of invisibility
  h - an uncursed potion of monster detection
  f - 2 uncursed potions of water
 Rings    ('=')
  e - an uncursed ring of conflict
  w - a cursed ring of hunger named cursed
  d - an uncursed ring of shock resistance
 Wands    ('/')
  c - a wand of enlightenment (0:11)
  D - a wand of light (0:15)
  x - a wand of secret door detection (0:14)
 Tools    ('(')
  o - an uncursed tooled horn
  n - an uncursed blindfold
  m - a magic marker (0:20)
  y - an uncursed magic whistle
  F - an uncursed magic whistle
  k - an uncursed skeleton key
  J - a blessed tallow candle
  B - an uncursed tallow candle

IanCurtis the Wizard's attributes:

Background:
 You were a Thaumaturge, a level 7 male elven Wizard.
 You were chaotic, on a mission for Anhur
 who was opposed by Ptah (lawful) and Thoth (neutral).
 You were right-handed.
 You were in the Gnomish Mines, on level 8.
 You entered the dungeon 3801 turns ago.
 It was the midnight hour.
 You had 726 experience points, 554 more were needed to attain level 8.

Basics:
 You had 0 out of 39 hit points.
 You had 27 out of 76 energy points (spell power).
 Your armor class was 8.
 Your wallet contained 317 zorkmids.
 Autopickup was off.

Final Characteristics:
 Your strength was 12 (limit:18).
 Your dexterity was 13 (limit:18).
 Your constitution was 13 (limit:16).
 Your intelligence was 20 (limit:20).
 Your wisdom was 10 (limit:20).
 Your charisma was 8 (limit:18).

Final Status:
 You weren't hungry.
 You were unencumbered.
 You were wielding a dagger.
 You had basic skill with dagger.

Final Attributes:
 You were piously aligned.
 You were magic-protected.
 You were sleep resistant.
 You were aware of the presence of orcs.
 You had infravision.
 You were warded.
 You are dead.

Miscellaneous:
 You encountered 1 bones level.
 Total elapsed playing time was 27 minutes and 51 seconds.

Major events:
 Turn
    1: IanCurtis the chaotic male elven Wizard entered the dungeon
 1104: attained the rank of Conjurer (level 3)
 1362: entered the Gnomish Mines
 1383: chose an elven dagger to be named "Sting"
 2115: found Grimtooth on the floor
 2940: attained the rank of Thaumaturge (level 6)
 3188: reached Mine Town
 3801: killed by a chameleon imitating a baby white dragon

Spells:
 Name                 Level Category     Fail Retention
 force bolt             1   attack         0%   81%-90%
 light                  1   divination     0%  76%-100%
 levitation             4   escape        95%  76%-100%

Skills:
 Fighting Skills
   bare handed combat [Unskilled]
   riding             [Unskilled]
 Weapon Skills
   dagger             [Basic]
   knife              [Unskilled]
   axe                [Unskilled]
   short sword        [Unskilled]
   club               [Unskilled]
   mace               [Unskilled]
   quarterstaff       [Basic]
   polearms           [Unskilled]
   spear              [Unskilled]
   trident            [Unskilled]
   sling              [Unskilled]
   dart               [Unskilled]
   shuriken           [Unskilled]
 Spellcasting Skills
   attack spells      [Basic]
   healing spells     [Unskilled]
   divination spells  [Unskilled]
   enchantment spells [Basic]
   clerical spells    [Unskilled]
   escape spells      [Unskilled]
   matter spells      [Unskilled]

Voluntary challenges:
 Character rerolling was not enabled.
 You never genocided any monsters.
 You never polymorphed an object.
 You never changed form.
 You used no wishes.
Achievements:
 You entered a shop.
 You attained the rank of Conjurer.
 You entered the Gnomish Mines.
 You attained the rank of Thaumaturge.
 You entered Minetown.
 You entered a temple.

 The Dungeons of Doom: levels 1 to 4
    Level 1:
       Many fountains.
    Level 2:
       A scroll shop.
    Level 3:
       A fountain, a sink.
    Level 4:
       A general store, a fountain.
       Stairs down to The Gnomish Mines.
 The Gnomish Mines: levels 5 to 9
    Level 5:
    Level 6:
       A grave.
       Final resting place for
          pots164-Kni-Hum-Fem-Law, killed by a gnome lord.
    Level 7:
    Level 8: <- You were here.
       Some shops, a temple and an altar, some fountains.
       Final resting place for
          you, killed by a chameleon imitating a baby white dragon.
    Level 9:


Vanquished creatures:
  a dwarf leader
  a white unicorn
  a dust vortex
  a rock mole
  a yellow light
  a violet fungus
  6 gnome leaders
  4 gnomish wizards
  a straw golem
  a giant ant
  a kitten
  8 dwarves
  3 rothes
  2 giant bats
  a hobbit
  4 giant rats
  a cave spider
  2 brown molds
  a yellow mold
 22 gnomes
  3 geckos
  8 jackals
  a fox
  a kobold
  4 goblins
  2 grid bugs
  3 lichens
  a kobold zombie
  4 newts
90 creatures vanquished.

No species were genocided or became extinct.

Game over:
                       ----------
                      /          \
                     /    REST    \
                    /      IN      \
                   /     PEACE      \
                  /                  \
                  |    IanCurtis     |
                  |      317 Au      |
                  |   killed by a    |
                  |    chameleon     |
                  | imitating a baby |
                  |   white dragon   |
                  |       2026       |
                 *|     *  *  *      | *
        _________)/\\_//(\/(/\)/\//\/|_)_______

Goodbye IanCurtis the Wizard...

You died in The Gnomish Mines on dungeon level 8 with 3600 points,
and 317 pieces of gold, after 3801 moves.
You were level 7 with a maximum of 39 hit points when you died.

